 Dungeon Crawl Stone Soup version 0.26.1-13-g052cdd8df3 (webtiles) character file.

Game seed: 5105504023845261117

51 Froggeryz the Caller (level 3, -2/14 HPs)
             Began as a Felid Summoner on Jan 25, 2022.
             Slain by an orc
             ... wielding a +0 short sword
              (5 damage)
             ... on level 3 of the Dungeon.
             The game lasted 00:04:33 (2839 turns).

Froggeryz the Caller (Felid Summoner)               Turns: 2839, Time: 00:04:34

Health: -2/14      AC:  1    Str:  4    XL:     3   Next: 58%
Magic:  5/8        EV: 18    Int: 17    God:
Gold:   193        SH:  0    Dex: 16    Spells: 4/7 levels left
                                        Lives:  0   Deaths: 0

rFire    . . .     SeeInvis +   (weapon unavailable)
rCold    . . .     Faith    .   (shield unavailable)
rNeg     . . .     Spirit   .   (armour unavailable)
rPois    .         Reflect  .   (helmet unavailable)
rElec    .         Harm     .   (cloak unavailable)
rCorr    .         Rampage  .   (gloves unavailable)
Will     +....                  (boots unavailable)
Stlth    ++++......             (no amulet)
HPRegen  0.04/turn              a - ring of stealth
MPRegen  0.11/turn              j - ring of willpower

@: quick
A: very small, no armour, no weapons or thrown items, stealth, claws 1, fangs 3,
see invisible, speed 1, shaggy fur 1, sharp paws
a: no special abilities


You were on level 3 of the Dungeon.
You visited 1 branch of the dungeon, and saw 3 of its levels.

You collected 193 gold pieces.

Inventory:

Jewellery
 a - a ring of stealth (left paw)
 f - an uncursed ring of willpower
 j - a ring of willpower (right paw)
Scrolls
 b - a scroll of fog {unknown}
 g - a scroll of teleportation {unknown}
 h - a scroll of remove curse {unknown}
 i - 2 scrolls of identify {unknown}
 k - a scroll of magic mapping {unknown}
Potions
 c - a potion of attraction {unknown}
 d - 2 potions of curing {unknown}
 e - a potion of haste {unknown}


   Skills:
 - Level 2.6 Dodging
 + Level 3.5 Stealth
 + Level 2.7 Spellcasting
 + Level 4.5 Summonings


You had 4 spell levels left.
You knew the following spells:

 Your Spells              Type           Power        Failure   Level
a - Summon Small Mammal   Summ           68%          2%          1
b - Call Imp              Summ           17%          4%          2

Your spell library contained the following spells:

 Spells                   Type           Power        Failure   Level
 Call Canine Familiar     Summ           17%          9%          3
 Summon Guardian Golem    Hex/Summ       10%          22%         3
 Summon Ice Beast         Ice/Summ       10%          56%         4
 Summon Lightning Spire   Summ/Air       10%          56%         4


Dungeon Overview and Level Annotations

Branches:
Dungeon (3/15)

Altars:


Innate Abilities, Weirdness & Mutations

You cannot wear armour.
You are incapable of wielding weapons or throwing items.
Your paws allow you to move quietly. (Stealth)
You have sharp claws.
You have razor-sharp teeth.
You have supernaturally acute eyesight. (SInv)
You cover ground quickly.
You are covered in fur. (AC +1)
Your sharp claws are effective at attacking unaware monsters.


Message History

Your quokka barely misses the scorpion.
An orc comes into view. It is wielding a +0 dagger.
The orc shouts! x3; You hear a shout! x3
Found a stone staircase leading down.
An orc comes into view. It is wielding a +0 vorpal war axe.
The orc completely misses you.
A bat comes into view.
An orc comes into view. It is wielding a +0 short sword.
The orc misses you. The orc hits you with a +0 dagger.
Your quokka closely misses the scorpion.
The orc barely misses you. The orc closely misses you. The bat hits you.
The bat misses you. The bat hits you. The orc hits you with a +0 short sword.
* * * LOW HITPOINT WARNING * * *
A leopard gecko comes into view.
The bat misses you.
Your crimson imp hits the orc.
The orc misses you.
The leopard gecko moves out of view.
There is a stone staircase leading down here.
The bat hits you but does no damage. The orc hits you with a +0 short sword.
You die...

#.# #5#
##r## #..s#
#.5o# #.o.#
#..o#
#.oo###.##..
#.b.@.......
#...###..#.l
#...# #
#...# #...#
#####


You could see a scorpion, 5 orcs, a leopard gecko (wandering), a bat, 2 friendly
crimson imps and a friendly quokka (summoned).

Vanquished Creatures
  A jackal (D:2)
  2 bats (D:1)
3 creatures vanquished.

Vanquished Creatures (collateral kills)
  Crazy Yiuf (D:2)
  An adder (D:2)
  A dart slug (D:2)
  An orc (D:3)
  8 goblins
  5 hobgoblins
  8 jackals
  5 kobolds
  A ball python (D:2)
  3 bats
  3 frilled lizards (D:1)
  6 rats
43 creatures vanquished.

Vanquished Creatures (others)
  16 plants (D:2)
16 creatures vanquished.

Grand Total: 62 creatures vanquished

Notes
Turn   | Place    | Note
-------+----------+-------------------------------------------
     0 | D:1      | Froggeryz the Felid Summoner began the quest for the Orb.
     0 | D:1      | Reached XP level 1. HP: 7/7 MP: 4/4
   423 | D:1      | Reached XP level 2. HP: 7/11 MP: 0/6
  1331 | D:2      | Learned a level 2 spell: Call Imp
  1537 | D:2      | Reached XP level 3. HP: 14/14 MP: 4/7
  2063 | D:2      | Found a runed translucent door.
  2064 | D:2      | Noticed Crazy Yiuf
  2690 | D:2      | Killed Crazy Yiuf
  2818 | D:3      | Noticed a scorpion
  2839 | D:3      | Slain by an orc

Illustrated notes

Levels and vault maps discovered:
D:1:      psy_arrival_basics, layout_basic
D:2:      layout_basic, serial_forest, infiniplex_forest_clump_small,
          infiniplex_forest_diagonal, infiniplex_forest_clump_curved,
          infiniplex_forest_join, infiniplex_forest_clump_cross,
          infiniplex_forest_clump_small, infiniplex_forest_clump_diagonal,
          kennysheep_cluttered_room, minmay_octomino_c4, uniq_crazy_yiuf_cottage
D:3:      layout_rooms, old_standard_altar

Skill      XL: |  1  2 |
---------------+-------+-----
Stealth        | 3 |  3.5
Dodging        | |  2.6
Spellcasting   | |  2.7
Summonings     | |  4.5

Action                   || total
-------------------------++-------
Melee: Unarmed           ||    23
       Bite              ||     3
 Cast: Summon Small Mamm ||    79
       Call Imp          ||     8
Armor: Skin              ||     5
Dodge: Dodged            ||    35
